 Dungeon Crawl Stone Soup version 0.27.1-4-g1640c2035a (webtiles) character file.

Game seed: 14234761720449539726

142740 raph the Geomancer (level 16, -10/99 HPs)
             Began as a Deep Elf Earth Elementalist on Nov 11, 2021.
             Was a High Priest of Makhleb.
             Mangled by a goliath frog (13 damage)
             ... on level 2 of the Swamp on Nov 12, 2021.
             The game lasted 02:06:59 (51621 turns).

raph the Geomancer (Deep Elf Earth Elementalist)   Turns: 51621, Time: 02:06:59

Health: -10/99     AC: 18    Str: 14    XL:     16   Next: 81%
Magic:  41/51      EV: 15    Int: 43    God:    Makhleb [*****.]
Gold:   151        SH: 10    Dex: 15    Spells: 4/38 levels left

rFire    + . .     SeeInvis +   a - +8 hand axe "Hulk" {vorpal, Fragile rCorr Int+9 Stlth+}
rCold    . . .     Faith    .   J - +0 buckler
rNeg     . . .     Spirit   .   F - +0 steam dragon scales
rPois    +         Reflect  +   b - +1 helmet
rElec    .         Harm     .   E - +2 cloak of the Equinox {rF+ Str+5}
rCorr    +         Rampage  .   K - +1 pair of gloves
Will     .....                  e - +2 pair of boots
Stlth    +++.......             f - amulet of reflection
HPRegen  0.26/turn              d - ring "Penegeuc" {rPois Will- MP+9 Int+4 SInv}
MPRegen  0.32/turn              h - ring "Ygoq" {MP+9 Str+4 Int+2}

@: very slow
A: no striking features
a: Renounce Religion, Minor Destruction, Lesser Servant of Makhleb, Major
Destruction, Greater Servant of Makhleb


You were on level 2 of the Swamp.
You worshipped Makhleb.
Makhleb was extremely pleased with you.
You visited 4 branches of the dungeon, and saw 25 of its levels.
You also visited: Ice Cave.

You collected 2301 gold pieces.
You spent 2150 gold pieces at shops.

Inventory:

Hand Weapons
 a - the +8 hand axe "Hulk" (weapon) {vorpal, Fragile rCorr Int+9 Stlth+}
   (You found it on level 11 of the Dungeon)

   It inflicts extra damage upon your enemies.
   Int:       It affects your intelligence (+9).
   rCorr:     It protects you from acid and corrosion.
   Fragile:   It will be destroyed if unequipped.
   Stlth:     It makes you more stealthy.
Missiles
 c - 606 stones
 l - 103 poisoned darts
 y - 3 curare-tipped darts
Armour
 b - a +1 helmet (worn)
 e - a +2 pair of boots (worn)
 E - the +2 cloak of the Equinox (worn) {rF+ Str+5}
   (You acquired it on level 9 of the Dungeon)

   Str:       It affects your strength (+5).
   rF:        It protects you from fire.
 F - +0 steam dragon scales (worn)
 J - a +0 buckler (worn)
 K - a +1 pair of gloves (worn)
Magical Staves
 n - a staff of poison
Jewellery
 d - the ring "Penegeuc" (left hand) {rPois Will- MP+9 Int+4 SInv}
   (You bought it in a shop on level 6 of the Dungeon)

   [ring of see invisible]

   Int:       It affects your intelligence (+4).
   rPois:     It protects you from poison.
   MP:        It affects your magic capacity (+9).
   SInv:      It lets you see invisible.
   Will:      It decreases your willpower.
 f - an amulet of reflection (around neck)
 h - the ring "Ygoq" (right hand) {MP+9 Str+4 Int+2}
   (You found it on level 2 of the Lair of Beasts)

   [ring of magical power]

   Str:       It affects your strength (+4).
   Int:       It affects your intelligence (+2).
   MP:        It affects your magic capacity (+9).
 j - a +4 ring of protection
 R - a ring of protection from fire
Wands
 i - a wand of polymorph (9)
 r - a wand of flame (33)
 w - a wand of acid (18)
 C - a wand of iceblast (15)
 O - a wand of paralysis (6)
 P - a wand of mindburst (8)
Scrolls
 k - a scroll of identify
 m - a scroll of magic mapping
 v - a scroll of teleportation
 D - 3 scrolls of fog
 L - a scroll of amnesia
 N - 2 scrolls of immolation
 T - a scroll of holy word
Potions
 g - 5 potions of curing
 o - 3 potions of attraction
 p - 6 potions of mutation
 q - 4 potions of brilliance
 s - 3 potions of might
 x - 2 potions of flight
 z - 2 potions of cancellation
 B - 3 potions of haste
 M - a potion of resistance
 Q - a potion of berserk rage
 U - a potion of magic
 V - a potion of invisibility
Miscellaneous
 I - a phantom mirror
 W - a phial of floods


   Skills:
 * Level 10.8 Fighting
 - Level 7.5 Armour
 - Level 7.4 Dodging
 + Level 11.5 Stealth
 - Level 4.0 Shields
 + Level 11.6 Spellcasting
 + Level 10.4 Conjurations
 - Level 11.5 Necromancy
 - Level 4.2 Translocations
 - Level 1.1 Transmutations
 - Level 9.6 Fire Magic
 * Level 13.5 Earth Magic
 * Level 11.3 Invocations


You had 4 spell levels left.
You knew the following spells:

 Your Spells              Type           Power      Damage    Failure   Level
a - Sandblast             Erth           100%       2d20      0%          1
b - Passwall              Tmut/Erth      60%        N/A       1%          2
c - Iron Shot             Conj/Erth      45%        9d9       1%          6
d - Petrify               Tmut/Erth      73%        N/A       1%          4
e - Borgnjor's Vile Clut  Necr/Erth      46%        N/A       1%          5
f - Vampiric Draining     Necr           44%        2d12      1%          3
g - Bolt of Magma         Conj/Fire/Erth 44%        4d18      1%          5
h - Fireball              Conj/Fire      42%        3d17      1%          5
i - Apportation           Tloc           100%       N/A       1%          1
j - Blink                 Tloc           N/A        N/A       1%          2

Your spell library contained the following spells:

 Spells                   Type           Power      Damage    Failure   Level
 Corpse Rot               Necr/Air       N/A        N/A       1%          2
 Poisonous Vapours        Pois/Air       48%        N/A       1%          2
 Slow                     Hex            24%        N/A       1%          2
 Gell's Gravitas          Tloc           29%        N/A       1%          3
 Ignite Poison            Fire/Tmut/Pois 53%        N/A       1%          3
 Inner Flame              Hex/Fire       60%        N/A       1%          3
 Stone Arrow              Conj/Erth      100%       3d13      1%          3
 Passage of Golubria      Tloc           N/A        N/A       1%          4
 Confusing Touch          Hex            24%        N/A       3%          3
 Ozocubu's Armour         Ice            24%        N/A       3%          3
 Cause Fear               Hex            12%        N/A       12%         4
 Freezing Cloud           Conj/Ice/Air   26%        6-21      9%          5
 Summon Forest            Summ/Tloc      21%        N/A       14%         5
 Conjure Ball Lightning   Conj/Air       31%        3x3d10    22%         6
 Alistair's Intoxication  Tmut/Pois      19%        N/A       26%         5
 Summon Mana Viper        Hex/Summ       24%        N/A       34%         5
 Lehudib's Crystal Spear  Conj/Erth      45%        10d11     50%         8
 Eringya's Noxious Bog    Tmut/Pois      14%        N/A       83%         6
 Invisibility             Hex            12%        N/A       88%         6
 Shadow Creatures         Summ           N/A        N/A       88%         6
 Ozocubu's Refrigeration  Ice            12%        4d7       100%        7
 Discord                  Hex            12%        N/A       100%        8
 Disjunction              Tloc           29%        N/A       100%        8
 Fire Storm               Conj/Fire      42%        8d11      100%        9


Dungeon Overview and Level Annotations

Branches:
Dungeon (15/15)            Temple (0/1) D:4            Lair (6/6) D:11
  Swamp (2/4) Lair:3       Spider (0/4) Lair:4        Slime (0/5) Lair:5
    Orc (2/2) D:9             Elf (0/3) Orc:2        Vaults (0/5) D:13
 Depths (0/5) D:15          IceCv (visited)

Altars:
Cheibriados
Dithmenos
Gozag
Makhleb
Nemelex Xobeh
Qazlal
Ru
Trog
Uskayaw
Vehumet
Xom
Yredelemnul
Zin

Shops:
D:4 :   D:6 =   D:10 ==   Orc:2 [*(:


Message History

Your neqoxec hits the goliath frog!
As you read the scroll of fear, it crumbles to dust.
You assume a fearsome visage.
The spriggan druid resists with almost no effort.
The goliath frog looks frightened!
The swamp dragon looks frightened!
The goliath frog hits your neqoxec!!
Your neqoxec dies!
Your neqoxec hits the goliath frog. Your neqoxec hits the goliath frog.
Your neqoxec's attack snaps the goliath frog out of its fear.
The goliath frog hits you from afar!
* * * LOW HITPOINT WARNING * * *
You are splashed with acid.
You resist.
* * * LOW HITPOINT WARNING * * *
Your neqoxec misses the goliath frog.
You are confused.
You feel invigorated. The goliath frog closely misses you.
Your neqoxec barely misses the goliath frog.
You enter the shallow water.
Moving in this stuff is going to be slow.
The goliath frog hits you but does no damage.
Your neqoxec hits the goliath frog. The goliath frog hits you from afar.
* * * LOW HITPOINT WARNING * * *
You are splashed with acid.
You resist.
* * * LOW HITPOINT WARNING * * *
Your neqoxec hits the goliath frog. The goliath frog hits you from afar.
* * * LOW HITPOINT WARNING * * *
You are splashed with acid.
You resist.
* * * LOW HITPOINT WARNING * * *
You feel less invigorated.
You feel less confused. The goliath frog hits you!
* * * LOW HITPOINT WARNING * * *
You are splashed with acid.
You resist.
* * * LOW HITPOINT WARNING * * *
Your neqoxec closely misses the goliath frog.
The goliath frog hits you!
You die...

≈≈§......≈≈.............≈
....§...≈≈.≈≈≈≈......≈...
...≈...≈..≈≈≈..≈.≈≈.≈≈♣..
≈≈.....≈.≈..≈..≈≈.≈..§.≈.
≈..§...≈≈≈..≈≈.≈.......≈.
.≈..≈..≈....≈..≈......≈.≈
..≈≈...≈.....≈≈..≈...≈≈.≈
..≈≈.≈.≈.F3§.≈≈≈........♣
.....≈..@≈≈≈....≈..≈.≈.≈.
≈.≈....≈.≈...≈...≈†≈.≈≈.≈
≈..≈.≈.≈.≈....≈≈.≈....†..
.♣≈....♣.♣..≈♣.♣D...≈...♣
♣♣♣♣♣♣♣♣♣♣♣♣♣♣♣♣♣♣♣♣♣♣♣♣


You could see a goliath frog (ally target) and a friendly neqoxec (summoned).

Vanquished Creatures
  Jorgrun (D:14)
  Rupert (Lair:3)
  Frances (D:14)
  A thorn hunter (Swamp:2)
  A fenstrider witch (Swamp:2)
  Louise (D:14)
  2 orc warlords (Orc:2)
  2 quicksilver oozes (IceCv)
  Nessos (D:14)
  A bunyip (Swamp:2)
  Snorg (Orc:2)
  2 eleionomae
  A shambling mangrove (Swamp:2)
  An ettin (D:15)
  The ghost of Vacikk the Frost Mage, a journeyman GnIE of Hepliaklqana (Lair:3)
  Harold (D:7)
  3 vault guards (D:13)
  A spriggan air mage (Lair:3)
  3 boulder beetles
  3 ghost crabs
  12 hydras
  7 centaur warriors
  2 catoblepae
  A merfolk avatar (Lair:6)
  5 alligators
  2 two-headed ogres
  16 death yaks
  2 tengu warriors (D:15)
  5 spriggans
  Nergalle (D:11)
  5 orc high priests (Orc:2)
  A hell knight (D:15)
  7 skeletal warriors
  A death drake (Swamp:1)
  A deep troll (D:15)
  A sea snake (Lair:6)
  6 goliath frogs
  2 swamp dragons
  A wizard (D:15)
  A bog body (Swamp:2)
  2 harpies (Lair:6)
  4 spriggan druids (Swamp:2)
  Pikel (D:6)
  An orange crystal statue (IceCv)
  3 orc knights
  A wolf spider (D:15)
  A deep elf pyromancer (D:14)
  2 will-o-the-wisps (Swamp:2)
  3 orc sorcerers (Orc:2)
  3 manticores
  6 cyclopes
  A centaur zombie (D:11)
  7 black mambas
  12 elephants
  Maurice (Orc:1)
  16 cane toads
  A torpor snail (Lair:6)
  Maggie (Lair:1)
  2 gargoyles
  7 komodo dragons
  An unseen horror (D:13)
  2 kobold demonologists
  5 rime drakes
  An efreet (D:13)
  2 freezing wraiths (D:15)
  3 tengu conjurers
  A very ugly thing simulacrum (IceCv)
  3 entropy weaver simulacra (IceCv)
  A bloated husk (Swamp:1)
  3 jumping spiders (Lair:4)
  A wind drake (Lair:6)
  2 meliai (D:13)
  10 trolls
  Grinder (D:4)
  4 blink frogs
  4 tyrant leeches
  5 polar bears
  5 dream sheep
  16 slime creatures
  Prince Ribbit (D:6)
  6 hornets
  A redback (Lair:4)
  8 wyverns
  A yak (shapeshifter) (D:14)
  7 wraiths
  29 yaks
  3 basilisks
  9 vampire mosquitoes
  4 steam dragons
  Edmund (D:6)
  2 wargs (Orc:2)
  2 acid dragons
  19 water moccasins
  A demonic crawler simulacrum (IceCv)
  4 swamp worms
  A sky beast (D:5)
  2 swamp drakes
  34 orc warriors
  2 ugly thing simulacra (IceCv)
  2 black bears
  2 necrophages (D:5)
  2 ogres
  8 centaurs
  18 wolves
  A lemure (D:6)
  2 phantoms
  7 kobold brigands
  16 bullfrogs
  7 killer bees
  5 wights (D:8)
  4 electric eels
  2 howler monkeys (D:11)
  3 vampire bats (Lair:5)
  A jelly (D:7)
  A centaur skeleton (D:4)
  5 hounds
  Crazy Yiuf (D:4)
  19 orc priests
  A scorpion zombie (D:5)
  32 orc wizards
  Ijyb (D:3)
  17 hell rats (Lair:3)
  Natasha (thrice) (D:4)
  7 iguanas
  3 howler monkey zombies
  Robin (D:3)
  4 gnolls (D:2)
  14 adders
  11 river rats (Lair:3)
  3 shadow imps
  2 worms
  2 dart slugs (D:2)
  71 orcs
  12 bats
  10 endoplasms
  2 giant cockroaches
  19 goblins
  7 hobgoblins
  4 jackals (D:1)
  27 kobolds
  6 quokkas
  11 ball pythons
  3 frilled lizards (D:2)
  16 rats
785 creatures vanquished.

Vanquished Creatures (collateral kills)
  A quicksilver ooze (IceCv)
  An eleionoma (Swamp:2)
  Josephine (D:10)
  A vault guard (D:13)
  A skeletal warrior (D:11)
  A meliai (D:13)
  A hornet (Swamp:1)
  A blink frog (Lair:6)
  3 slime creatures (IceCv)
  A dream sheep (Lair:6)
  A spriggan (Swamp:1)
  A warg (Orc:2)
  2 orc warriors (Orc:2)
  An orc priest (Orc:2)
  3 orcs
20 creatures vanquished.

Vanquished Creatures (others)
  5 entropy weaver simulacra (IceCv)
  A bloated husk (Swamp:2)
  2 demonic crawler simulacra (IceCv)
  2 ugly thing simulacra (IceCv)
  A bullfrog (D:8)
  3 jellies (Lair:5)
  An orc wizard (Orc:2)
  An orc (Orc:2)
  A goblin (D:1)
  5 foxfires (Swamp:2)
  74 fungi
  116 plants
212 creatures vanquished.

Grand Total: 1017 creatures vanquished

Notes
Turn   | Place    | Note
-------+----------+-------------------------------------------
     0 | D:1      | raph the Deep Elf Earth Elementalist began the quest for
                  | the Orb.
     0 | D:1      | Reached XP level 1. HP: 10/10 MP: 6/6
   160 | D:1      | You fall into a shaft and drop 1 floor!
   160 | D:2      | Found a burning altar of Makhleb.
   205 | D:2      | Became a worshipper of Makhleb the Destroyer
   243 | D:2      | Reached skill level 4 in Earth Magic
   243 | D:2      | Reached XP level 2. HP: 15/15 MP: 1/8
   391 | D:2      | Learned a level 2 spell: Passwall
   406 | D:2      | Reached XP level 3. HP: 17/19 MP: 4/9
   441 | D:2      | Learned a level 3 spell: Stone Arrow
   890 | D:1      | Reached skill level 5 in Earth Magic
  1170 | D:1      | Reached * piety under Makhleb
  1171 | D:1      | Reached skill level 1 in Conjurations
  1171 | D:1      | Reached XP level 4. HP: 24/24 MP: 2/10
  2443 | D:2      | Reached XP level 5. HP: 28/28 MP: 7/11
  2592 | D:3      | Noticed Ijyb
  2624 | D:3      | Killed Ijyb
  2625 | D:3      | Reached skill level 6 in Earth Magic
  2993 | D:3      | Noticed Robin
  3001 | D:3      | Killed Robin
  3004 | D:3      | Reached ** piety under Makhleb
  3103 | D:3      | Found a faded altar of an unknown god.
  3642 | D:4      | Reached XP level 6. HP: 33/33 MP: 8/12
  3847 | D:4      | Found a runed translucent door.
  3848 | D:4      | Noticed Crazy Yiuf
  3849 | D:4      | Identified the +7 mace of Frustration {speed, Stlth+}
  3855 | D:4      | Killed Crazy Yiuf
  3856 | D:4      | Reached skill level 1 in Fighting
  4209 | D:4      | Noticed Natasha
  4211 | D:4      | Killed Natasha
  4379 | D:4      | Noticed Natasha
  4383 | D:4      | Killed Natasha
  4436 | D:4      | Noticed Natasha
  4443 | D:4      | Killed Natasha
  4523 | D:4      | Found a staircase to the Ecumenical Temple.
  4523 | D:4      | Noticed Grinder
  4532 | D:4      | Killed Grinder
  4533 | D:4      | Reached skill level 7 in Earth Magic
  4533 | D:4      | Reached skill level 1 in Invocations
  4533 | D:4      | Reached XP level 7. HP: 39/39 MP: 2/15
  4647 | D:4      | Found Beesuav's Book Emporium.
  4658 | D:4      | Learned a level 4 spell: Petrify
  5251 | D:5      | Entered Level 5 of the Dungeon
  5421 | D:5      | Found a shadowy altar of Dithmenos.
  5564 | D:5      | Reached XP level 8. HP: 44/44 MP: 14/16
  6418 | D:6      | Noticed Prince Ribbit
  6424 | D:6      | Killed Prince Ribbit
  6425 | D:6      | Reached skill level 5 in Spellcasting
  6425 | D:6      | Reached skill level 8 in Earth Magic
  6574 | D:6      | Found Obulevat's Jewellery Emporium.
  7040 | D:6      | Noticed Edmund
  7053 | D:6      | Killed Edmund
  7054 | D:6      | Reached skill level 5 in Dodging
  7162 | D:6      | Reached XP level 9. HP: 50/50 MP: 14/19
  7194 | D:6      | Found a basalt altar of Yredelemnul.
  7249 | D:6      | Reached skill level 5 in Stealth
  7301 | D:6      | Noticed Pikel
  7347 | D:6      | Killed Pikel
  7348 | D:6      | Reached skill level 5 in Conjurations
  7601 | D:7      | Reached skill level 9 in Earth Magic
  7643 | D:7      | Found a hide-covered altar of Uskayaw.
  7786 | D:7      | Reached *** piety under Makhleb
  7964 | D:7      | Noticed Harold
  8589 | D:8      | Found a radiant altar of Vehumet.
  9342 | D:8      | Found a shimmering altar of Xom.
  9753 | D:8      | Found a stormy altar of Qazlal.
  9821 | D:8      | Reached XP level 10. HP: 54/56 MP: 11/22
 10024 | D:4      | Bought Great Wizards, Vol. II for 456 gold pieces
 10032 | D:4      | Learned a level 5 spell: Borgnjor's Vile Clutch
 10633 | D:8      | Found a bloodstained altar of Trog.
 10640 | D:8      | Reached skill level 1 in Necromancy
 11226 | D:9      | Found a staircase to the Orcish Mines.
 11234 | D:9      | Reached skill level 5 in Invocations
 11387 | D:9      | Identified 2 scrolls of acquirement
 11387 | D:9      | Acquired the Tome of the Volcanoes and Translocation
 11390 | D:9      | Acquired the +2 cloak of the Equinox {rF+ Str+5}
 11859 | D:9      | Reached skill level 1 in Armour
 11861 | D:9      | Reached skill level 10 in Earth Magic
 12634 | D:9      | Reached **** piety under Makhleb
 13334 | D:10     | Entered Level 10 of the Dungeon
 13372 | D:10     | Found Gudgh's Jewellery Shoppe.
 13374 | D:10     | Noticed a two-headed ogre
 13714 | D:10     | Found Liet Tal's Jewellery Shoppe.
 13933 | D:10     | Reached skill level 5 in Fighting
 14362 | D:10     | Killed a two-headed ogre
 14363 | D:10     | Reached skill level 5 in Necromancy
 14631 | D:10     | Found a sparkling altar of Nemelex Xobeh.
 14631 | D:10     | Found an opulent altar of Gozag.
 14631 | D:10     | Found a glowing silver altar of Zin.
 14635 | D:10     | Found a snail-covered altar of Cheibriados.
 14792 | D:10     | Found a burning altar of Makhleb.
 14811 | D:11     | Noticed a six-headed hydra
 14819 | D:11     | Killed a six-headed hydra
 14820 | D:11     | Reached XP level 11. HP: 64/64 MP: 2/23
 15125 | D:11     | Noticed a two-headed ogre
 15127 | D:11     | Noticed Josephine
 15145 | D:10     | Killed Josephine
 15520 | D:11     | Learned a level 3 spell: Vampiric Draining
 15526 | D:11     | Learned a level 5 spell: Bolt of Magma
 15528 | D:11     | Killed a two-headed ogre
 15554 | D:11     | Reached skill level 1 in Fire Magic
 15574 | D:11     | Noticed a skeletal warrior
 15593 | D:11     | Killed a skeletal warrior
 16141 | D:11     | Noticed Nergalle
 16151 | D:11     | Killed Nergalle
 16270 | D:11     | Found a hide-covered altar of Uskayaw.
 16414 | D:11     | Found a staircase to the Lair.
 16812 | Lair:1   | Entered Level 1 of the Lair of Beasts
 16921 | Lair:1   | Noticed a six-headed hydra
 16928 | Lair:1   | Killed a six-headed hydra
 16998 | Lair:1   | Noticed Maggie
 17004 | Lair:1   | Killed Maggie
 17248 | Lair:1   | Reached skill level 5 in Armour
 17726 | Lair:1   | Reached XP level 12. HP: 71/71 MP: 15/24
 19176 | Lair:2   | Reached skill level 11 in Earth Magic
 19377 | Lair:2   | Noticed a seven-headed hydra
 19390 | Lair:2   | Killed a seven-headed hydra
 19708 | Lair:2   | Identified the ring "Ygoq" {MP+9 Str+4 Int+2}
 20958 | Lair:3   | Found a staircase to the Swamp.
 21594 | Lair:3   | Noticed Rupert
 22259 | Lair:3   | Found a transporter.
 22259 | Lair:3   | Found a transporter.
 22265 | Lair:3   | Killed Rupert
 22363 | Lair:3   | Noticed a four-headed hydra
 22383 | Lair:3   | Noticed a death yak
 22383 | Lair:3   | Noticed a four-headed hydra
 22383 | Lair:3   | Noticed Vacikk's ghost (journeyman GnIE)
 22868 | Lair:3   | Reached ***** piety under Makhleb
 23618 | Lair:4   | Reached XP level 13. HP: 78/78 MP: 25/27
 24703 | Lair:4   | Learned a level 5 spell: Fireball
 24942 | Lair:4   | Found a hole to the Spider Nest.
 25851 | Lair:5   | Reached skill level 5 in Fire Magic
 26004 | Lair:5   | Found a staircase to the Slime Pits.
 26010 | Lair:5   | Learned a level 1 spell: Apportation
 26411 | Lair:5   | Reached skill level 10 in Necromancy
 28646 | Lair:6   | Entered Level 6 of the Lair of Beasts
 28713 | Lair:6   | Reached XP level 14. HP: 83/84 MP: 18/29
 30491 | Lair:6   | Reached skill level 12 in Earth Magic
 32120 | Orc:1    | Entered Level 1 of the Orcish Mines
 32120 | Orc:1    | Noticed Maurice
 32310 | D:4      | Bought the Grimoire of the Spatial Mountains for 504 gold
                  | pieces
 32440 | D:9      | Reached ****** piety under Makhleb
 32968 | Orc:1    | Killed Maurice
 33185 | Orc:2    | Entered Level 2 of the Orcish Mines
 33363 | Orc:1    | Learned a level 2 spell: Blink
 34096 | Orc:1    | Reached skill level 1 in Translocations
 34726 | Orc:2    | Noticed Snorg
 34734 | Orc:2    | Killed Snorg
 35048 | Orc:2    | Noticed an orc warlord
 35056 | Orc:2    | Killed an orc warlord
 35307 | Orc:2    | Found a staircase to the Elven Halls.
 36241 | Orc:2    | Reached skill level 10 in Spellcasting
 36850 | Orc:2    | Noticed an orc warlord
 36860 | Orc:2    | Killed an orc warlord
 37658 | Orc:2    | Found Hemuikoemu's General Store.
 37659 | Orc:2    | Found Wyufres's Book Shoppe.
 37661 | Orc:2    | Found Febb's Antique Armour Emporium.
 37661 | Orc:2    | Found Benishra's Antique Weapon Emporium.
 37786 | Orc:2    | Bought a buckler for 130 gold pieces
 38095 | D:11     | Identified the +8 hand axe "Hulk" {vorpal, Fragile rCorr
                  | Int+9 Stlth+}
 38386 | D:10     | Bought an amulet of reflection for 420 gold pieces
 38468 | D:12     | Reached skill level 10 in Stealth
 38468 | D:12     | Reached XP level 15. HP: 91/91 MP: 20/31
 39251 | D:13     | Reached skill level 1 in Shields
 39370 | D:13     | Found a gate to the Vaults.
 41734 | D:14     | Noticed Frances
 41740 | D:14     | Killed Frances
 41885 | D:14     | Noticed Jorgrun
 41896 | D:14     | Killed Jorgrun
 42162 | D:14     | Noticed Nessos
 42164 | D:14     | Noticed Louise
 42660 | D:14     | Killed Louise
 43108 | D:14     | Killed Nessos
 44099 | D:15     | Entered Level 15 of the Dungeon
 44245 | D:15     | Found a frozen archway.
 44294 | IceCv    | Entered an ice cave
 44439 | IceCv    | Reached skill level 10 in Fighting
 44664 | IceCv    | Reached skill level 10 in Invocations
 45421 | D:15     | Reached XP level 16. HP: 82/97 MP: 24/32
 45487 | D:15     | Learned a level 6 spell: Iron Shot
 45568 | D:15     | Found a staircase to the Depths.
 46021 | D:15     | Found a sacrificial altar of Ru.
 46609 | D:7      | Killed Harold
 47377 | Lair:3   | Killed Vacikk's ghost
 47608 | D:6      | Bought the ring "Penegeuc" {rPois Will- MP+9 Int+4 SInv}
                  | for 640 gold pieces
 47989 | Swamp:1  | Entered Level 1 of the Swamp
 48657 | Swamp:1  | Reached skill level 10 in Conjurations
 49061 | Swamp:1  | Reached skill level 13 in Earth Magic
 50111 | Swamp:2  | Noticed a thorn hunter
 50116 | Swamp:2  | Killed a thorn hunter
 51616 | Swamp:2  | HP: 4/99 [acid (4)]
 51621 | Swamp:2  | HP: 3/99 [acid (3)]
 51621 | Swamp:2  | Mangled by a goliath frog

Illustrated notes

Levels and vault maps discovered:
D:1:      minmay_arrival_jagged, layout_loops_ring, lemuel_flame_loot_1
D:2:      layout_basic, basic_altar
D:3:      layout_rooms, hellmonk_ecumenical_altar_slurped_away, uniq_ijyb,
          uniq_robin
D:4:      layout_layer_cave, minmay_temple_entry_antechambers, serial_shops,
          shop, uniq_crazy_yiuf_cottage, uniq_grinder, uniq_natasha
D:5:      layout_basic, grunt_dithmenos_smoke_and_mirrors
D:6:      layout_cave_pools, lemuel_tele_altar, serial_shops,
          nicolae_take_the_stairs, fountainhead, uniq_edmund,
          uniq_prince_ribbit1, uniq_pikel
D:7:      layout_cave_pools, mainiacjoe_overflow_cross_hatched, uniq_harold
D:8:      layout_loops_ring, trog_butcher_becter, fiery_altar_vehumet,
          xom_teletrap_fun, mainiacjoe_overflow_paths
D:9:      layout_loops_corners, david_orc_3, mrwooster_statue_mirror
D:10:     layout_small_grid, bloody_makhleb, grunt_temple_overflow_cloverleaf,
          serial_shops, nicolae_shop_trees, nicolae_stop_n_shop_2
D:11:     layout_cave_pools, due_lair_maze_entry_diamond,
          eat_drink_and_be_merry_uskayaw, uniq_nergalle, uniq_josephine
D:12:     layout_loops_ring
D:13:     layout_stronghold, lightli_vaults_fourway_checkpoint
D:14:     layout_grid_maze, uniq_louise, uniq_nessos, uniq_jorgrun, uniq_frances
D:15:     hangedman_depths_entry_civil_slaughter, layout_loops_ring,
          portal_ice_cave_entry_frozen_things, nicolae_ru_path_of_blood
Lair:1:   layout_small_grid, serial_bayou_lagoon_b, uniq_maggie
Lair:2:   layout_hall_layers
Lair:3:   lemuel_ratsnest, layout_big_grid, swamp_mist_pool, nzn_ghost_randoct,
          minivault_26, uniq_rupert
Lair:4:   layout_hall_layers, spider_nest_entry_funnel_web, serial_rivers,
          chequers_serial_rivers_micro_a, chequers_serial_rivers_micro_b,
          chequers_serial_rivers_small_b, chequers_serial_rivers_micro_a,
          chequers_serial_rivers_small_a, gauntlet_entry_generic,
          lemuel_fruit_tree
Lair:5:   layout_misc_corridors, nicolae_slime_entry_slimehenge,
          roderic_batcave, lemuel_old_faithful, infiniplex_staircase_pool_2
Lair:6:   gammafunk_lair_ancient_temple, layout_regular_city, grunt_megastairs_2
Swamp:1:  layout_basic_swamp, evilmike_swamp_ruin_house_5
Swamp:2:  nzn_winding_woodlands_medium [nzn_winding_woodlands_5x5_checkerboard,
          nzn_winding_woodlands_5x15_zeroes, nzn_winding_woodlands_5x5_cross,
          nzn_winding_woodlands_5x5_perimeter,
          nzn_winding_woodlands_center_garden,
          nzn_winding_woodlands_5x5_default, nzn_winding_woodlands_hourglass,
          nzn_winding_woodlands_5x15_pathside_ponds,
          nzn_winding_woodlands_5x5_default], layout_basic_swamp,
          evilmike_swamp_ruin_house_3
Orc:1:    layout_caves, uniq_maurice
Orc:2:    st_orc_congregation, layout_diamond_mine, uniq_snorg

Skill      XL: |  1  2  3  4  5  6  7  8  9 10 11 12 13 14 15 16 |
---------------+-------------------------------------------------+-----
Earth Magic    | 4 5 6 7 8 9 10 11 12 13 | 13.5
Conjurations   | 1 2 3 4 5 6 7 8 9 10 | 10.4
Dodging        | 3 4 5 6 7 |  7.4
Fighting       | 1 2 3 5 6 7 8 9 10 | 10.8
Stealth        | 3 4 6 7 9 10 11 | 11.5
Spellcasting   | 4 5 6 7 8 9 10 11 | 11.6
Invocations    | 1 2 3 4 5 6 7 8 10 11 | 11.3
Necromancy     | 5 8 9 10 11 | 11.5
Armour         | 3 5 6 7 |  7.5
Fire Magic     | 2 4 6 8 9 |  9.6
Translocations | 2 4 |  4.2
Shields        | 3 4 |  4.0
Transmutations | |  1.1

Action                   |  1- 3 |  4- 6 |  7- 9 | 10-12 | 13-15 | 16-18 || total
-------------------------+-------+-------+-------+-------+-------+-------++-------
Melee: Dagger            |       |     2 |       |       |       |       ||     2
       Mace              |       |       |     2 |    12 |    49 |       ||    63
       Hand axe          |       |       |       |       |     2 |     8 ||    10
Throw: Dart              |       |       |     1 |       |     1 |       ||     2
 Cast: Sandblast         |    50 |    74 |    83 |   164 |    74 |     2 ||   447
       Stone Arrow       |     2 |    33 |    63 |   101 |    12 |       ||   211
       Passwall          |       |       |     3 |     7 |     9 |       ||    19
       Borgnjor's Vile C |       |       |       |   100 |   161 |    29 ||   290
       Bolt of Magma     |       |       |       |    15 |   301 |    69 ||   385
       Vampiric Draining |       |       |       |     3 |       |       ||     3
       Fireball          |       |       |       |       |    52 |    23 ||    75
       Apportation       |       |       |       |       |    11 |     1 ||    12
       Petrify           |       |       |       |       |     5 |     1 ||     6
       Blink             |       |       |       |       |     2 |     3 ||     5
       Iron Shot         |       |       |       |       |       |    35 ||    35
Invok: Lesser Servant of |       |       |     1 |     5 |    15 |     8 ||    29
       Minor Destruction |       |       |       |     6 |     4 |     6 ||    16
       Major Destruction |       |       |       |       |     1 |     1 ||     2
Evoke: Wand              |       |       |       |       |     1 |       ||     1
  Use: Scroll            |       |     9 |     3 |    15 |     9 |     5 ||    41
       Potion            |       |       |     1 |       |     3 |     4 ||     8
 Stab: Sleeping          |       |     1 |       |       |     3 |       ||     4
Armor: Robe              |     7 |    13 |    10 |     1 |       |       ||    31
       Steam dragon scal |       |       |       |     6 |    48 |    19 ||    73
       Acid dragon scale |       |       |       |    47 |   120 |       ||   167
Dodge: Dodged            |    21 |     9 |    41 |   100 |   162 |    28 ||   361
Block: Buckler           |       |       |       |       |    31 |    28 ||    59
       Reflection        |       |       |       |       |     6 |     3 ||     9
